BR (22 & UNDER)
CORONADO ECLIPSE @ AMITY GARDENS WESTERNERS
09/19/2028
 
TOP OF THE 1ST
Coronado Eclipse batting - Pitching for Amity Gardens Westerners : RHP Don Ford
Pitching: RHP Don Ford
Batting: RHB Felipe Hernández 0-0: Ball
1-0: DOUBLE (Line Drive, 7)
Batting: RHB Mario Barker 0-0: Ball
1-0: Swinging Strike
1-1: Swinging Strike
1-2: Ball
2-2: Ball
3-2: Ground out U3 (Groundball, 34)
Felipe Hernández to third
Batting: RHB Luis López 0-0: Ball
1-0: Called Strike
1-1: Ball
2-1: Ground out 5-3 (Groundball, 56S)
Felipe Hernández scores
Batting: LHB Julián Díaz 0-0: SOLO HOME RUN (Flyball, 9D), Distance : 400 ft
Batting: RHB Júlio Núñez 0-0: Hit by Pitch
Batting: RHB Phil Martin 0-0: Ball
1-0: DOUBLE (Line Drive, 7)
Júlio Núñez to third
Runner from 3rd tries for Home, throw and OUT!
Top of the 1st over - 2 run(s), 3 hit(s), 0 error(s), 1 left on base; Coronado 2 - Amity Gardens 0
BOTTOM OF THE 1ST
Amity Gardens Westerners batting - Pitching for Coronado Eclipse : RHP Luis Sotelo
Pitching: RHP Luis Sotelo
Batting: RHB Mel Wells 0-0: Ball
1-0: Fly out, F8 (Line Drive, 8LS)
Batting: RHB Ánibal Vega 0-0: Swinging Strike
0-1: Called Strike
0-2: Ground out 5-3 (Groundball, 56)
Batting: RHB Gustavo Todd 0-0: Ball
1-0: Ball
2-0: Ball
3-0: Called Strike
3-1: Base on Balls
Batting: LHB Eddie Nealon 0-0: Called Strike
0-1: Ball
Gustavo Todd steals 2nd base
1-1: Foul Ball, location: 2F
1-2: Strikes out swinging
Bottom of the 1st over - 0 run(s), 0 hit(s), 0 error(s), 1 left on base; Coronado 2 - Amity Gardens 0
TOP OF THE 2ND
Coronado Eclipse batting - Pitching for Amity Gardens Westerners : RHP Don Ford
Batting: RHB Javier Hernández 0-0: Ball
1-0: Called Strike
1-1: Swinging Strike
1-2: Foul Ball, location: 2F
1-2: Strikes out looking
Batting: RHB Jesús Pérez 0-0: Called Strike
0-1: Foul Ball, location: 2F
0-2: SINGLE (Groundball, 6MD)
Batting: RHB Bill Petty 0-0: Ball
1-0: Fly out, F9 (Flyball, 9S)
Batting: RHB Felipe Hernández 0-0: Called Strike
0-1: Ball
1-1: Ball
2-1: Swinging Strike
2-2: Foul Ball, location: 2F
2-2: Strikes out looking
Top of the 2nd over - 0 run(s), 1 hit(s), 0 error(s), 1 left on base; Coronado 2 - Amity Gardens 0
BOTTOM OF THE 2ND
Amity Gardens Westerners batting - Pitching for Coronado Eclipse : RHP Luis Sotelo
Batting: RHB Pat Johnston 0-0: Swinging Strike
0-1: Ball
1-1: Ball
2-1: Ball
3-1: Ground out 5-3 (Groundball, 5S)
Batting: LHB Jack Mitchell 0-0: Called Strike
0-1: SINGLE (Groundball, 4MS) (infield hit)
Batting: RHB Carlos Dumenigo 0-0: Swinging Strike
Pickoff Throw by Catcher to First - Error! E2
Jack Mitchell to second
0-1: Ball
1-1: Fly out, F8 (Flyball, 8RD)
Batting: RHB Alfredo Medina 0-0: Ball
1-0: Foul Ball, location: 2F
1-1: Swinging Strike
1-2: Ball
2-2: Strikes out swinging
Bottom of the 2nd over - 0 run(s), 1 hit(s), 1 error(s), 1 left on base; Coronado 2 - Amity Gardens 0
TOP OF THE 3RD
Coronado Eclipse batting - Pitching for Amity Gardens Westerners : RHP Don Ford
Batting: RHB Mario Barker 0-0: Called Strike
0-1: Ball
1-1: Ball
2-1: Ball
3-1: DOUBLE (Line Drive, 9)
Batting: RHB Luis López 0-0: SINGLE (Flyball, 78S)
Mario Barker to third
Runner from 3rd tries for Home, SAFE, no throw
Batting: LHB Julián Díaz 0-0: Swinging Strike
0-1: Ball
1-1: Called Strike
1-2: Foul Ball, location: 2F
1-2: Strikes out swinging
Batting: RHB Júlio Núñez 0-0: Ball
1-0: Ball
2-0: Called Strike
2-1: Ball
3-1: Foul Ball, location: 2F
3-2: Foul Ball, location: 2F
3-2: Foul Ball, location: 2F
3-2: Strikes out swinging
Batting: RHB Phil Martin 0-0: Ball
1-0: Ball
2-0: Fielders Choice at 2nd, 4-6 (Groundball, 4)
Top of the 3rd over - 1 run(s), 2 hit(s), 0 error(s), 0 left on base; Coronado 3 - Amity Gardens 0
BOTTOM OF THE 3RD
Amity Gardens Westerners batting - Pitching for Coronado Eclipse : RHP Luis Sotelo
Batting: RHB Tomás Rivera 0-0: Ground out 4-3 (Groundball, 4)
Batting: RHB Mel Wells 0-0: Foul Ball, location: 2F
0-1: Foul Ball, location: 2F
0-2: Ball
1-2: Foul Ball, location: 2F
1-2: Fly out, F7 (Flyball, 78S)
Batting: RHB Ánibal Vega 0-0: Foul Ball, location: 2F
0-1: Foul Ball, location: 2F
0-2: Foul Ball, location: 2F
0-2: Ball
1-2: Ball
2-2: Ground out 5-3 (Groundball, 56)
Bottom of the 3rd over - 0 run(s), 0 hit(s), 0 error(s), 0 left on base; Coronado 3 - Amity Gardens 0
TOP OF THE 4TH
Coronado Eclipse batting - Pitching for Amity Gardens Westerners : RHP Don Ford
Batting: RHB Javier Hernández 0-0: Ball
1-0: Called Strike
1-1: Ball
2-1: Ground out U3 (Groundball, 3S)
Batting: RHB Jesús Pérez 0-0: Swinging Strike
0-1: Foul Ball, location: 2F
0-2: Hit by Pitch
Batting: RHB Bill Petty 0-0: Called Strike
Jesús Pérez steals 2nd base
0-1: Ball
1-1: SINGLE (Groundball, 6D)
Jesús Pérez to third
Runner from 3rd tries for Home, SAFE, no throw
Batting: RHB Felipe Hernández 0-0: Ball
1-0: Foul Ball, location: 2F
1-1: Ball
2-1: Foul Ball, location: 2F
2-2: Foul Ball, location: 2F
2-2: Ball
3-2: Grounds into double play, 5-4-3 (Groundball, 56)
Top of the 4th over - 1 run(s), 1 hit(s), 0 error(s), 0 left on base; Coronado 4 - Amity Gardens 0
BOTTOM OF THE 4TH
Amity Gardens Westerners batting - Pitching for Coronado Eclipse : RHP Luis Sotelo
Batting: RHB Gustavo Todd 0-0: Swinging Strike
0-1: Ball
1-1: Foul Ball, location: 2F
1-2: Strikes out looking
Batting: LHB Eddie Nealon 0-0: Ball
1-0: Ball
2-0: DOUBLE (Line Drive, 78M)
Batting: RHB Pat Johnston 0-0: Called Strike
Eddie Nealon steals 3rd base
0-1: Swinging Strike
0-2: Strikes out looking
Batting: LHB Jack Mitchell 0-0: Called Strike
0-1: Fly out, F7 (Flyball, 7)
Bottom of the 4th over - 0 run(s), 1 hit(s), 0 error(s), 1 left on base; Coronado 4 - Amity Gardens 0
TOP OF THE 5TH
Coronado Eclipse batting - Pitching for Amity Gardens Westerners : RHP Don Ford
Batting: RHB Mario Barker 0-0: Foul Ball, location: 2F
0-1: Called Strike
0-2: Ball
1-2: Foul Ball, location: 2F
1-2: Strikes out swinging
Batting: RHB Luis López 0-0: Swinging Strike
0-1: Ball
1-1: Ground out 6-3 (Groundball, 6)
Batting: LHB Julián Díaz 0-0: Ball
1-0: Ball
2-0: Foul Ball, location: 2F
2-1: Ball
3-1: Swinging Strike
3-2: Fly out, F8 (Flyball, 8LM)
Top of the 5th over - 0 run(s), 0 hit(s), 0 error(s), 0 left on base; Coronado 4 - Amity Gardens 0
BOTTOM OF THE 5TH
Amity Gardens Westerners batting - Pitching for Coronado Eclipse : RHP Luis Sotelo
Batting: RHB Carlos Dumenigo 0-0: Swinging Strike
0-1: Fly out, F3 (Flyball, 3D)
Batting: RHB Alfredo Medina 0-0: SOLO HOME RUN (Flyball, 78XD), Distance : 422 ft
Batting: RHB Tomás Rivera 0-0: Ball
1-0: Reached on error, E4 (Groundball, 4)
Batting: RHB Mel Wells 0-0: Ball
1-0: Called Strike
1-1: Foul Ball, location: 2F
1-2: Ball
2-2: SINGLE (Groundball, 4) (infield hit)
Tomás Rivera to second
Batting: RHB Ánibal Vega 0-0: Called Strike
0-1: Ball
1-1: Called Strike
1-2: Strikes out swinging
Batting: RHB Gustavo Todd 0-0: Called Strike
0-1: Ball
1-1: Foul Ball, location: 2F
1-2: Ball
2-2: Ball
3-2: SINGLE (Flyball, 8RS)
Tomás Rivera to third
Mel Wells to second
Tomás Rivera scores
Mel Wells to third
Batting: LHB Eddie Nealon 0-0: Ball
1-0: Ground out 4-3 (Groundball, 4M)
Bottom of the 5th over - 2 run(s), 3 hit(s), 1 error(s), 2 left on base; Coronado 4 - Amity Gardens 2
TOP OF THE 6TH
Coronado Eclipse batting - Pitching for Amity Gardens Westerners : RHP Don Ford
Pitching: RHP Millard Black
Batting: RHB Júlio Núñez 0-0: Ball
1-0: Swinging Strike
1-1: Ball
2-1: Swinging Strike
2-2: Ball
3-2: Strikes out swinging
Batting: RHB Phil Martin 0-0: Called Strike
0-1: Foul Ball, location: 2F
0-2: Foul Ball, location: 2F
0-2: Ball
1-2: Strikes out swinging
Batting: RHB Javier Hernández 0-0: Foul Ball, location: 2F
0-1: Ball
1-1: Foul Ball, location: 2F
1-2: Foul Ball, location: 2F
1-2: Foul Ball, location: 2F
1-2: Ball
2-2: Ball
3-2: Base on Balls
Batting: RHB Jesús Pérez 0-0: Ball
1-0: Called Strike
1-1: Called Strike
1-2: Foul Ball, location: 2F
1-2: Ground out 6-3 (Groundball, 6)
Top of the 6th over - 0 run(s), 0 hit(s), 0 error(s), 1 left on base; Coronado 4 - Amity Gardens 2
BOTTOM OF THE 6TH
Amity Gardens Westerners batting - Pitching for Coronado Eclipse : RHP Luis Sotelo
Batting: RHB Pat Johnston 0-0: Ball
1-0: Ball
2-0: Foul Ball, location: 2F
2-1: Foul Ball, location: 2F
2-2: Ball
3-2: Foul Ball, location: 2F
3-2: Strikes out swinging
Pitching: RHP Juan Ríos
Batting: LHB Jack Mitchell 0-0: Called Strike
0-1: Swinging Strike
0-2: Ball
1-2: Fly out, F7 (Flyball, 7LM)
Batting: RHB Carlos Dumenigo 0-0: Called Strike
0-1: Swinging Strike
0-2: Strikes out swinging
Bottom of the 6th over - 0 run(s), 0 hit(s), 0 error(s), 0 left on base; Coronado 4 - Amity Gardens 2
TOP OF THE 7TH
Coronado Eclipse batting - Pitching for Amity Gardens Westerners : RHP Millard Black
Batting: RHB Bill Petty 0-0: Called Strike
0-1: Ball
1-1: Ball
2-1: Ball
3-1: Foul Ball, location: 2F
3-2: Fly out, F8 (Line Drive, 8RD)
Batting: RHB Felipe Hernández 0-0: Ground out 6-3 (Groundball, 6)
Batting: RHB Mario Barker 0-0: Called Strike
0-1: Ball
1-1: Ball
2-1: Ball
3-1: Base on Balls
Batting: RHB Luis López 0-0: Fielders Choice at 2nd, 6-4 (Groundball, 56D)
Top of the 7th over - 0 run(s), 0 hit(s), 0 error(s), 0 left on base; Coronado 4 - Amity Gardens 2
BOTTOM OF THE 7TH
Amity Gardens Westerners batting - Pitching for Coronado Eclipse : RHP Juan Ríos
Batting: RHB Alfredo Medina 0-0: Ball
1-0: Ball
2-0: Ball
3-0: Called Strike
3-1: Called Strike
3-2: Base on Balls
Batting: RHB Tomás Rivera 0-0: Fly out, F7 (Flyball, 7)
Batting: RHB Mel Wells 0-0: Called Strike
0-1: SINGLE (Line Drive, 7S)
Alfredo Medina to second
Pinch Hitting: RHB Xavier Silva 0-0: Ball
1-0: Swinging Strike
1-1: Ball
2-1: SINGLE (Groundball, 6MS) (infield hit)
Alfredo Medina to third
Mel Wells to second
Batting: RHB Gustavo Todd 0-0: Called Strike
0-1: Ball
1-1: Ball
2-1: Ball
3-1: GRAND SLAM HOME RUN (Flyball, 89XD), Distance : 419 ft
Pitching: LHP Luis Rincón
Batting: LHB Eddie Nealon 0-0: Ground out 4-3 (Groundball, 4)
Batting: RHB Pat Johnston 0-0: Foul Ball, location: 2F
0-1: Called Strike
0-2: Ball
1-2: Ball
2-2: Strikes out swinging
Bottom of the 7th over - 4 run(s), 3 hit(s), 0 error(s), 0 left on base; Coronado 4 - Amity Gardens 6
TOP OF THE 8TH
Coronado Eclipse batting - Pitching for Amity Gardens Westerners : RHP Millard Black
Now at 1B: Jorge García
Now at 3B: Luis López
Now in CF: Josh Bergman
Batting: LHB Julián Díaz 0-0: Ball
1-0: Called Strike
1-1: Ball
2-1: SINGLE (Groundball, 4MD)
Batting: RHB Júlio Núñez 0-0: Ball
1-0: SINGLE (Flyball, 8LS)
Julián Díaz to second
Batting: RHB Phil Martin 0-0: Ball
1-0: Called Strike
1-1: Foul Ball, location: 2F
1-2: Ball
2-2: Ball
3-2: Strikes out swinging
Batting: RHB Javier Hernández 0-0: Ball
1-0: Called Strike
1-1: Ball
2-1: Ball
3-1: Swinging Strike
3-2: Ground out 4-3 (Groundball, 4S)
Julián Díaz to third
Júlio Núñez to second
Pitching: RHP Rod Whitaker
Batting: RHB Jesús Pérez 0-0: Hit by Pitch
Batting: RHB Bill Petty 0-0: Foul Ball, location: 2F
0-1: Fly out, F9 (Flyball, 9S)
Top of the 8th over - 0 run(s), 2 hit(s), 0 error(s), 3 left on base; Coronado 4 - Amity Gardens 6
BOTTOM OF THE 8TH
Amity Gardens Westerners batting - Pitching for Coronado Eclipse : LHP Luis Rincón
Batting: LHB Jack Mitchell 0-0: DOUBLE (Line Drive, 89M)
Batting: RHB Carlos Dumenigo 0-0: Intentional Walk
Batting: RHB Alfredo Medina 0-0: Ball
1-0: Ground out 5-3 (Groundball, 56S)
Jack Mitchell to third
Carlos Dumenigo to second
Pinch Hitting: SHB John Kessler 0-0: Intentional Walk
Batting: RHB Mel Wells 0-0: Foul Ball, location: 2F
0-1: Ball
1-1: Ball
2-1: Called Strike
2-2: Fly out, F9 (Flyball, 89M)
Batting: RHB Jorge García 0-0: Fly out, F8 (Flyball, 8LS)
Bottom of the 8th over - 0 run(s), 1 hit(s), 0 error(s), 3 left on base; Coronado 4 - Amity Gardens 6
TOP OF THE 9TH
Coronado Eclipse batting - Pitching for Amity Gardens Westerners : RHP Rod Whitaker
Pitching: LHP Rodrigo Freitas
Now in LF: Manny Olhoa
Batting: RHB Felipe Hernández 0-0: Ball
1-0: Fly out, F5 (Popup, 5L)
Batting: RHB Mario Barker 0-0: Ball
1-0: Ball
2-0: Ball
3-0: Called Strike
3-1: Called Strike
3-2: Foul Ball, location: 2F
3-2: SINGLE (Groundball, 56D)
Batting: RHB Luis López 0-0: Called Strike
0-1: Grounds into double play, 5-4-3 (Groundball, 56)
Top of the 9th over - 0 run(s), 1 hit(s), 0 error(s), 0 left on base; Coronado 4 - Amity Gardens 6
Tuesday, August 8th, 2017 - OOTP Baseball 17.12 Build 75